 Dungeon Crawl Stone Soup version 0.31-a0-819-gf6de2f5ab6 (webtiles) character file.

Game seed: 15275620592112010314

260196 adelrune the Acrobat (level 19, -47/106 HPs)
             Began as a Spriggan Hunter on Sept 24, 2023.
             Was the Champion of Okawaru.
             Killed from afar by a crystal guardian (56 damage)
             ... with a crystal bolt
             ... led by a peacekeeper
             ... on level 1 of the Vaults.
             The game lasted 02:43:09 (47584 turns).

adelrune the Acrobat (Spriggan Hunter)             Turns: 47584, Time: 02:43:10

Health: -47/106    AC:  9    Str:  7    XL:     19   Next: 16%
Magic:  26/26      EV: 48    Int: 11    God:    Okawaru [******]
Gold:   544        SH: 15    Dex: 32    Spells: 18/18 levels left

rFire   . . .        b - +4 hand cannon (elec)
rCold   . . .        E - +1 buckler {reflect}
rNeg    . . .        G - +0 steam dragon scales
rPois   +            W - +1 hat
rElec   .            J - +2 cloak
rCorr   .            (gloves unavailable)
SInv    +            (boots unavailable)
Will    +++..        U - amulet of reflection
Stlth   +++          R - ring of poison resistance
HPRegen 0.37/turn    M - +6 ring of dexterity
MPRegen 0.20/turn

%: reflection
@: very quick
A: very small, no large weapons, unfitting armour, see invisible, speed 3, fangs
1, subdued magic 1
}: 2/15 runes: decaying, serpentine
a: Renounce Religion, Heroism, Finesse, Duel


You were on level 1 of the Vaults.
You worshipped Okawaru.
Okawaru was exalted by your worship.
You visited 8 branches of the dungeon, and saw 33 of its levels.
You also visited: Bailey and Ice Cave.

You collected 2723 gold pieces.
You spent 2179 gold pieces at shops.

Inventory:

Hand Weapons
 b - a +4 hand cannon of electrocution (weapon)
 r - a +4 arbalest of flaming
Armour
 E - a +1 buckler of reflection (worn)
 G - +0 steam dragon scales (worn)
 J - a +2 cloak (worn)
 W - a +1 hat (worn)
Jewellery
 s - a ring of protection from fire
 x - a +4 ring of protection
 H - a +5 ring of evasion
 M - a +6 ring of dexterity (right hand)
 O - a ring of flight
 P - a ring of resist corrosion
 R - a ring of poison resistance (left hand)
 S - a ring of protection from cold
 T - the ring of the Terrible God {Ice rN+++ Will- rCorr Str-4}
   (You found it in an ice cave)

   [ring of ice]

   Ice:       It enhances your ice magic.
   Str-4:     It affects your strength (-4).
   rF-:       It makes you vulnerable to fire.
   rC+:       It protects you from cold.
   rN+++:     It renders you almost immune to negative energy.
   Will-:     It decreases your willpower.
   rCorr:     It protects you from acid and corrosion.
 U - an amulet of reflection (around neck)
 V - the amulet of Kecef {Acrobat -Cast rN+ Str+4 Int-2}
   (You found it in an ice cave)

   [amulet of the acrobat]

   Acrobat:   It increases your evasion while moving and waiting.
   Str+4:     It affects your strength (+4).
   Int-2:     It affects your intelligence (-2).
   rN+:       It protects you from negative energy.
   -Cast:     It prevents spellcasting.
 Z - an amulet of regeneration
Wands
 f - a wand of roots (4)
 u - a wand of acid (15)
 v - a wand of flame (92)
 F - a wand of digging (12)
 N - a wand of paralysis (12)
 Q - a wand of mindburst (33)
Scrolls
 a - 4 scrolls of identify
 c - 3 scrolls of blinking
 e - 4 scrolls of revelation
 h - 17 scrolls of teleportation
 l - 5 scrolls of amnesia
 t - 4 scrolls of vulnerability
 y - 5 scrolls of torment
 z - 7 scrolls of fear
 A - 5 scrolls of immolation
 C - 3 scrolls of noise
 D - 8 scrolls of enchant armour
 I - 4 scrolls of brand weapon
 L - 2 scrolls of poison
 X - 4 scrolls of fog
 Y - a scroll of acquirement
Potions
 d - 5 potions of lignification
 g - 8 potions of heal wounds
 i - 7 potions of haste
 j - 6 potions of attraction
 k - 17 potions of curing
 n - 2 potions of mutation
 o - 3 potions of berserk rage
 p - 6 potions of enlightenment
 q - a potion of cancellation
 w - 3 potions of resistance
 B - a potion of might
 K - 3 potions of invisibility
Miscellaneous
 m - a condenser vane


   Skills:
 + Level 14.2 Fighting
 - Level 20.7 Ranged Weapons
 + Level 21.2 Dodging
 - Level 1.5 Stealth
 * Level 9.1 Shields
 + Level 8.9 Invocations
 - Level 14.1 Evocations


You had 18 spell levels left.
You didn't know any spells.
Your spell library contained the following spells:

 Spells                   Type           Power      Damage    Failure   Level
 Apportation              Tloc           0%         N/A       41%         1
 Freeze                   Ice            0%         1d3       41%         1
 Magic Dart               Conj           0%         1d3       41%         1
 Necrotise                Necr           0%         1d4       41%         1
 Slow                     Hex            0%         N/A       41%         1
 Cigotuvi's Dreadful Rot  Necr/Pois/Air  0%         N/A       54%         2
 Scorch                   Fire           0%         2d5       54%         2
 Searing Ray              Conj           0%         2d4       54%         2
 Static Discharge         Conj/Air       0%         2-2/arc   54%         2
 Sublimation of Blood     Necr           0%         N/A       54%         2
 Wereblood                Tmut           0%         N/A       54%         2
 Confusing Touch          Hex            0%         N/A       80%         3
 Frozen Ramparts          Ice            0%         1d1       80%         3
 Hailstorm                Conj/Ice       0%         3d3       80%         3
 Ignite Poison            Fire/Tmut/Pois 0%         N/A       80%         3
 Ozocubu's Armour         Ice            0%         N/A       80%         3
 Sigil of Binding         Hex            0%         N/A       80%         3
 Vampiric Draining        Necr           0%         2d6       80%         3
 Airstrike                Air            0%         2d(0-16)  99%         4
 Flame Wave               Conj/Fire      0%         2d4       99%         4
 Fulminant Prism          Conj/Hex       0%         3d5       99%         4
 Passage of Golubria      Tloc           0%         N/A       99%         4
 Petrify                  Tmut/Erth      0%         N/A       99%         4
 Sticky Flame             Conj/Fire      0%         2d3       99%         4
 Borgnjor's Vile Clutch   Necr/Erth      0%         N/A       100%        5
 Freezing Cloud           Conj/Ice/Air   0%         6-21      100%        5
 Irradiate                Conj/Tmut      0%         3d11      100%        5
 Metabolic Englaciation   Hex/Ice        0%         N/A       100%        5
 Yara's Violent Unravell  Hex/Tmut       0%         3d3       100%        5
 Ozocubu's Refrigeration  Ice            0%         4d7       100%        7
 Ignition                 Fire           0%         3d3       100%        8
 Chain Lightning          Conj/Air       0%         N/A       100%        9
 Fire Storm               Conj/Fire      0%         5d1       100%        9
 Shatter                  Erth           0%         3d5*      100%        9
 Summon Small Mammal      Summ           Unusable   N/A       N/A         1
 Tukima's Dance           Hex            Unusable   N/A       N/A         3
 Animate Dead             Necr           Unusable   N/A       N/A         4
 Summon Lightning Spire   Summ/Air       Unusable   N/A       N/A         4
 Death Channel            Necr           Unusable   N/A       N/A         6
 Summon Cactus Giant      Summ           Unusable   N/A       N/A         6

Dungeon Overview and Level Annotations

Branches:
Dungeon (15/15)            Temple (1/1) D:7            Lair (5/5) D:8
  Swamp (4/4) Lair:2        Snake (4/4) Lair:2        Slime (0/5) Lair:5
    Orc (2/2) D:9             Elf (1/3) Orc:2        Vaults (1/5) D:13
 Depths (0/4) D:15         Bailey (visited)           IceCv (visited)

Altars:
Ashenzari
Cheibriados
Dithmenos
Elyvilon
Fedhas
Gozag
Hepliaklqana
Kikubaaqudgha
Makhleb
Nemelex Xobeh
Okawaru
Qazlal
Ru
Sif Muna
Trog
Uskayaw
Vehumet
Wu Jian
Xom
Yredelemnul
Zin
The Shining One

Shops:
D:4 [   D:12 ?   D:14 *   Orc:2 ([(=   Snake:1 ::=   Snake:3 !

Portals:
Trove: D:11 (show abyssal rune of Zot)

Annotations:
D:4 exclusion: downstairs
D:5 1 runed translucent door, exclusion: downstairs
D:8 exclusion: death yak
Lair:2 1 runed translucent door
Snake:4 Mara


Innate Abilities, Weirdness & Mutations

You are very small and have problems with some larger weapons.
You are too small for most types of armour.
You have supernaturally acute eyesight. (SInv)
You cover ground extremely quickly. (Speed+++)
You have very sharp teeth.
Your spells are a little easier to cast, but a little less powerful.


Message History

Aim: a peacekeeper (lightly damaged, 92% to hit)
You shoot a bolt. The bolt hits the peacekeeper!!!
The peacekeeper is almost destroyed.
The peacekeeper misses you.
The peacekeeper claws you but does no damage.
Fire: b) +4 hand cannon (elec)
Press: ? - help, Q - select action, (/) - cycle Shift-Dir - straight line, f/p - peacekeeper
Aim: a peacekeeper (almost destroyed, 92% to hit)
You shoot a bolt.
The bolt hits the peacekeeper but does no damage.
The peacekeeper is almost destroyed.
The crystal guardian completely misses you.
The peacekeeper completely misses you. You block the peacekeeper's attack.
Fire: b) +4 hand cannon (elec)
Press: ? - help, Q - select action, (/) - cycle Shift-Dir - straight line, f/p - peacekeeper
Aim: a peacekeeper (almost destroyed, 92% to hit)
You shoot a bolt. The bolt hits the peacekeeper!!
You destroy the peacekeeper!
Okawaru accepts your kill.
The crystal guardian completely misses you.
Fire: b) +4 hand cannon (elec)
Press: ? - help, Q - select action, (/) - cycle Shift-Dir - straight line, f - crystal guardian
Aim: a crystal guardian (heavily damaged, strong, 98% to hit)
You shoot a bolt. The bolt hits the crystal guardian.
The crystal guardian is heavily damaged.
You carefully extract the barbed spikes from your body.
The crystal guardian completely misses you.
Fire: b) +4 hand cannon (elec)
Press: ? - help, Q - select action, (/) - cycle Shift-Dir - straight line, f/p - crystal guardian
Aim: a crystal guardian (heavily damaged, strong, 98% to hit)
You shoot a bolt. The bolt hits the crystal guardian!!
The crystal guardian is almost destroyed.
The crystal guardian hits you!!!
* * * LOW HITPOINT WARNING * * *
The crystal guardian fires a crystalline bolt at you.
The crystal bolt misses you.
The crystal guardian fires a crystalline bolt at you.
The crystal bolt freezes you!!!
Ouch! That really hurt!
You die...

#.. ... #.. ....
#####..########..)...##
..........................
...?.......................
............................
............................
.......9...@................
......°○....................
.........)..................
............................
.........########...........
.........'. #...........
.......[.# #...........
#####....# #....#######
#....# #....#


You could see a crystal guardian (strong).

Vanquished Creatures
  Saint Roka (Snake:3)
  Vashnia (Snake:4)
  3 tentacled monstrosities
  Mlioglotl (Snake:1)
  A sphinx (Vaults:1)
  A thorn hunter (Snake:2)
  Kirke (Swamp:1)
  Aizul (Snake:1)
  Roxanne (Swamp:4)
  A rockslime (IceCv)
  2 azure jellies (IceCv)
  Donald (Swamp:2)
  A fire giant (D:12)
  4 nagarajas (Snake:4)
  A fenstrider witch (Swamp:1)
  2 vault wardens (Vaults:1)
  An orc warlord (Vaults:1)
  5 quicksilver oozes (IceCv)
  An ironbound thunderhulk (Vaults:1)
  4 ghouls (Swamp:2)
  Nessos (D:13)
  A formless jellyfish (Vaults:1)
  3 eleionomae
  5 bunyips
  3 dire elephants (Lair:5)
  2 green deaths (Swamp:4)
  Josephine (D:11)
  2 shambling mangroves (Swamp:2)
  Harold (Orc:1)
  5 vault guards (Vaults:1)
  2 hell beasts (Swamp:4)
  27 hydras
  A peacekeeper (Vaults:1)
  An ogre mage (D:15)
  2 great orbs of eyes
  3 ironbound frosthearts (Vaults:1)
  3 ghost crabs
  Erica (Lair:2)
  9 centaur warriors
  11 anacondas
  3 boulder beetles
  2 catoblepae
  9 alligators
  8 naga warriors
  A satyr (shapeshifter) (D:12)
  10 two-headed ogres
  6 death yaks
  2 tengu warriors
  2 deep troll earth magi
  18 naga sharpshooters
  5 orc high priests
  A thrashing horror (Swamp:4)
  Urug (D:12)
  A spectral dire elephant (Lair:5)
  3 skysharks
  Nergalle (D:10)
  5 shock serpents
  3 salamander mystics (Snake:4)
  4 skeletal warriors
  A spectral anaconda (Lair:5)
  2 spectral death yaks (Lair:5)
  Amaemon (D:10)
  6 goliath frogs
  2 sea snakes (Snake:1)
  2 spriggan simulacra (D:15)
  5 spriggan druids
  13 swamp dragons
  3 large abominations (Swamp:4)
  10 naga ritualists
  Pikel (D:6)
  An obsidian statue (Lair:5)
  9 bog bodies
  2 orange crystal statues (IceCv)
  A wizard (D:15)
  An ironbound convoker (Vaults:1)
  6 orc knights
  4 necromancers
  11 orc sorcerers
  7 mana vipers
  17 ugly things
  A harpy (shapeshifter) (D:13)
  An oklob plant (Lair:2)
  4 deep elf pyromancers
  A wolf spider zombie (D:15)
  6 cyclopes
  3 manticores
  15 elephants
  3 guardian serpents (Snake:4)
  A dire elephant zombie (Lair:5)
  6 salamanders
  2 will-o-the-wisps
  A centaur zombie (D:15)
  3 vault sentinels (Vaults:1)
  7 naga magi
  Maurice (D:9)
  5 orange demons
  2 gargoyles (D:12)
  31 black mambas
  8 cane toads
  Maggie (D:8)
  A torpor snail (Lair:4)
  7 kobold demonologists
  Jeremiah (D:6)
  2 unseen horrors (D:12)
  A centaur skeleton (D:15)
  4 rime drakes
  An efreet (D:13)
  A tengu conjurer (D:13)
  6 komodo dragons
  5 trolls
  5 polar bears
  3 bloated husks
  3 meliai
  11 tyrant leeches
  14 hornets
  2 spectral elephants (Lair:5)
  Grinder (D:6)
  5 dream sheep (Lair:5)
  An alligator simulacrum (D:15)
  11 blink frogs
  35 slime creatures
  12 spriggans
  7 wraiths
  6 wyverns
  26 yaks
  A vampire (D:12)
  7 shadows
  7 basilisks
  4 water elementals (D:13)
  2 hogs
  A hog (shapeshifter) (D:14)
  17 humans
  A steam dragon (D:10)
  5 vampire mosquitoes
  A death yak simulacrum (Lair:5)
  3 minotaur simulacra (D:15)
  37 nagas
  14 swamp worms
  5 wargs
  3 spectral cane toads (Lair:5)
  An acid dragon (D:12)
  Menkaure (D:5)
  12 water moccasins
  A swamp drake (Swamp:2)
  2 ice beasts
  An ice beast (shapeshifter) (D:13)
  38 orc warriors
  5 elephant zombies (Lair:5)
  2 black bears
  A black bear (shapeshifter) (D:12)
  6 ogres
  3 sky beasts
  7 wolves
  11 centaurs
  A lemure (D:6)
  A phantom (D:5)
  4 kobold brigands
  4 slime creature simulacra (IceCv)
  5 glowing shapeshifter simulacra (IceCv)
  8 bullfrogs
  3 necrophages
  A gnoll sergeant (Orc:2)
  14 scorpions
  4 wights (D:8)
  2 lindwurm simulacra (D:15)
  4 elephant simulacra (Lair:5)
  5 killer bees (D:10)
  5 howler monkeys
  12 electric eels
  2 lava snakes (Lair:2)
  4 hounds
  2 jellies
  A gnoll bouda (D:8)
  11 orc priests
  Crazy Yiuf (D:6)
  6 iguanas
  Ijyb (D:5)
  22 orc wizards
  6 hell rats
  4 adders
  20 gnolls
  A shadow imp (D:7)
  3 worms
  2 dart slugs
  58 orcs
  2 ball pythons
  4 bats
  3 endoplasms
  4 giant cockroaches
  7 hobgoblins
  4 jackals
  7 quokkas
  2 frilled lizards
  13 goblins
  15 kobolds
  5 rats
  A butterfly (D:5)
1064 creatures vanquished.

Vanquished Creatures (others)
  A bloated husk (Swamp:3)
  A human (D:13)
  2 orc wizards
  An orc (Orc:2)
  2 starspawn tentacles (Snake:1)
7 creatures vanquished.

Grand Total: 1071 creatures vanquished

Notes
Turn   | Place    | Note
-------+----------+-------------------------------------------
     0 | D:1      | adelrune the Spriggan Hunter began the quest for the Orb.
     0 | D:1      | Reached XP level 1. HP: 10/10 MP: 2/2
    37 | D:1      | You fall into a shaft and drop 1 floor!
   120 | D:1      | Reached skill level 3 in Dodging
   120 | D:1      | Reached XP level 2. HP: 13/15 MP: 3/3
   138 | D:1      | Found a faded altar of an unknown god.
   908 | D:1      | Reached XP level 3. HP: 18/18 MP: 4/4
  1391 | D:2      | Found a stormy altar of Qazlal.
  1716 | D:2      | Reached XP level 4. HP: 23/23 MP: 5/5
  1806 | D:3      | Noticed an ogre
  1853 | D:3      | Killed an ogre
  1854 | D:3      | Reached skill level 5 in Ranged Weapons
  1854 | D:3      | Reached skill level 4 in Dodging
  1854 | D:3      | Reached XP level 5. HP: 27/27 MP: 6/6
  2078 | D:3      | Found a glowing golden altar of the Shining One.
  2153 | D:3      | Found a hide-covered altar of Uskayaw.
  2213 | D:3      | Found an ancient bone altar of Kikubaaqudgha.
  2307 | D:3      | Found a white marble altar of Elyvilon.
  2740 | D:4      | Reached XP level 6. HP: 32/32 MP: 7/7
  3061 | D:4      | Found Kiuvvitu's Armour Boutique.
  3216 | D:4      | Reached skill level 5 in Dodging
  3400 | D:4      | Found an opulent altar of Gozag.
  3400 | D:4      | Found a basalt altar of Yredelemnul.
  3524 | D:5      | Entered Level 5 of the Dungeon
  3524 | D:5      | Noticed a yak
  3524 | D:5      | Noticed a yak
  3524 | D:5      | Noticed a yak
  3525 | D:5      | Noticed a yak
  3702 | D:5      | Noticed a yak
  3769 | D:4      | Killed a yak
  3770 | D:4      | Reached XP level 7. HP: 36/36 MP: 8/8
  4134 | D:5      | Reached skill level 6 in Dodging
  4140 | D:5      | Noticed Menkaure
  4153 | D:5      | Killed Menkaure
  4490 | D:5      | Found a runed translucent door.
  4510 | D:5      | Found a runed translucent door.
  4588 | D:5      | Reached XP level 8. HP: 42/42 MP: 9/9
  4932 | D:5      | Reached skill level 7 in Dodging
  5216 | D:5      | Reached skill level 5 in Fighting
  5216 | D:5      | Reached skill level 8 in Dodging
  5271 | D:5      | Noticed Ijyb
  5306 | D:5      | Killed Ijyb
  5406 | D:5      | Reached XP level 9. HP: 47/47 MP: 10/10
  5475 | D:5      | Identified the +2 pair of boots of the Floral God {rF++
                  | Int-2 Slay+5}
  5574 | D:5      | Found an iron altar of Okawaru.
  5662 | D:6      | Noticed a kobold demonologist
  6091 | D:6      | Noticed Jeremiah
  6365 | D:6      | Noticed a rust devil
  6367 | D:6      | Noticed an orange demon
  6405 | D:6      | Killed a kobold demonologist
  6406 | D:6      | Reached skill level 10 in Ranged Weapons
  6551 | D:5      | Reached skill level 9 in Dodging
  6655 | D:6      | Killed Jeremiah
  6730 | D:6      | Noticed Pikel
  6760 | D:6      | Killed Pikel
  6801 | D:6      | Noticed Grinder
  6829 | D:6      | Killed Grinder
  6830 | D:6      | Reached XP level 10. HP: 53/53 MP: 11/11
  6938 | D:6      | Found a runed translucent door.
  6939 | D:6      | Noticed Crazy Yiuf
  6944 | D:6      | Killed Crazy Yiuf
  7162 | D:6      | Reached skill level 10 in Dodging
  7278 | D:7      | Found a radiant altar of Vehumet.
  7570 | D:7      | Found a staircase to the Ecumenical Temple.
  7582 | Temple   | Entered the Ecumenical Temple
  7711 | D:5      | Became a worshipper of Warmaster Okawaru
  8932 | D:8      | Found a shadowy altar of Dithmenos.
  9048 | D:8      | Noticed a death yak
  9145 | D:8      | Noticed Maggie
  9183 | D:8      | Killed Maggie
  9183 | D:8      | Reached * piety under Okawaru
  9507 | D:8      | Noticed an elephant
  9676 | D:8      | Killed a death yak
  9778 | D:8      | Found a staircase to the Lair.
  9825 | D:8      | Killed an elephant
  9826 | D:8      | Reached skill level 11 in Dodging
  9926 | Lair:1   | Entered Level 1 of the Lair of Beasts
  9989 | Lair:1   | Noticed a cane toad
 10008 | Lair:1   | Killed a cane toad
 10008 | Lair:1   | Reached ** piety under Okawaru
 10343 | Lair:1   | Reached XP level 11. HP: 58/58 MP: 12/12
 10491 | Lair:1   | Reached *** piety under Okawaru
 11477 | Lair:1   | Reached skill level 12 in Dodging
 11512 | Lair:1   | Reached **** piety under Okawaru
 11772 | Lair:2   | Found a staircase to the Snake Pit.
 11896 | Lair:2   | Noticed a catoblepas
 11932 | Lair:2   | Killed a catoblepas
 12077 | Lair:2   | Found a runed translucent door.
 12135 | Lair:2   | Noticed a vampire mage
 12258 | Lair:2   | Noticed Erica
 12282 | Lair:2   | Killed Erica
 12282 | Lair:2   | Reached ***** piety under Okawaru
 12416 | Lair:2   | Found a staircase to the Swamp.
 12416 | Lair:2   | Noticed a bog body
 12416 | Lair:2   | Noticed a bog body
 12438 | Lair:2   | Killed a bog body
 12450 | Lair:2   | Killed a bog body
 12450 | Lair:2   | Received a gift from Okawaru
 12453 | Lair:2   | Found a sparkling altar of Nemelex Xobeh.
 12544 | Lair:2   | Reached skill level 13 in Dodging
 12566 | Lair:2   | Reached XP level 12. HP: 59/65 MP: 13/13
 13687 | Lair:3   | Received a gift from Okawaru
 13706 | Lair:3   | Reached skill level 15 in Ranged Weapons
 13736 | Lair:3   | Noticed a boulder beetle
 13749 | Lair:3   | Noticed a boulder beetle
 14177 | Lair:3   | Killed a boulder beetle
 14562 | Lair:3   | Noticed a five-headed hydra
 14581 | Lair:3   | Killed a five-headed hydra
 14582 | Lair:3   | Reached skill level 14 in Dodging
 14952 | Lair:3   | Received a gift from Okawaru
 14958 | Lair:3   | Noticed a six-headed hydra
 14965 | Lair:3   | Killed a six-headed hydra
 15522 | Lair:4   | Noticed a six-headed hydra
 15542 | Lair:4   | Killed a six-headed hydra
 15603 | Lair:4   | Noticed an eight-headed hydra
 15620 | Lair:4   | Killed an eight-headed hydra
 16044 | Lair:4   | Noticed a four-headed hydra
 16052 | Lair:4   | Killed a four-headed hydra
 16052 | Lair:4   | Reached ****** piety under Okawaru
 16052 | Lair:4   | Received a gift from Okawaru
 16053 | Lair:4   | Reached XP level 13. HP: 71/71 MP: 14/14
 16053 | Lair:4   | Acquired a +2 arbalest of flaming
 16053 | Lair:4   | Received a gift from Okawaru
 16706 | Lair:5   | Entered Level 5 of the Lair of Beasts
 16736 | Lair:5   | Reached skill level 15 in Dodging
 16747 | Lair:5   | Found a staircase to the Slime Pits.
 16811 | Lair:5   | Reached skill level 10 in Fighting
 16894 | Lair:5   | Received a gift from Okawaru
 17141 | Lair:5   | Noticed a dire elephant
 17142 | Lair:5   | Noticed a dire elephant
 17655 | Lair:5   | Received a gift from Okawaru
 18022 | Lair:5   | Noticed a dire elephant
 18084 | Lair:5   | Killed a dire elephant
 18246 | Lair:5   | Reached skill level 16 in Dodging
 18297 | Lair:5   | Received a gift from Okawaru
 18298 | Lair:5   | Reached skill level 1 in Evocations
 18344 | Lair:5   | Reached XP level 14. HP: 77/77 MP: 15/15
 19459 | D:9      | Found a flagged portal.
 19475 | Bailey   | Entered a bailey
 19579 | Bailey   | Found an iron altar of Okawaru.
 20093 | Bailey   | Gained mutation: Your spells are a little easier to cast,
                  | but a little less powerful. [potion of mutation]
 20093 | Bailey   | Gained mutation: You have very sharp teeth. [potion of
                  | mutation]
 20465 | D:9      | Noticed Maurice
 20476 | D:9      | Killed Maurice
 20476 | D:9      | Received a gift from Okawaru
 20477 | D:9      | Reached skill level 5 in Evocations
 20501 | D:9      | Found a staircase to the Orcish Mines.
 20517 | D:9      | Found a stormy altar of Qazlal.
 20531 | D:9      | Found a blossoming altar of Fedhas.
 20716 | D:9      | Found an ornate altar of the Wu Jian Council.
 20830 | D:10     | Entered Level 10 of the Dungeon
 20996 | D:10     | Found a bloodstained altar of Trog.
 21151 | D:10     | Noticed Nergalle
 21168 | D:10     | Killed Nergalle
 21216 | D:10     | Noticed Amaemon
 21225 | D:10     | Killed Amaemon
 21744 | D:11     | Found a portal to a secret trove of treasure.
 22009 | D:11     | Noticed Josephine
 22016 | D:11     | Killed Josephine
 22016 | D:11     | Received a gift from Okawaru
 22519 | D:12     | Noticed a ghost moth
 22531 | D:12     | a jorogumo changed into a formless jellyfish
 22531 | D:12     | Noticed a formless jellyfish (glowing shapeshifter)
 22548 | D:12     | Noticed a fire giant
 22560 | D:12     | Noticed a formless jellyfish
 22567 | D:12     | a formless jellyfish changed into a catoblepas
 22867 | D:12     | Found Laang's Magic Scroll Emporium.
 22966 | Orc:1    | Entered Level 1 of the Orcish Mines
 23095 | Orc:1    | Noticed Harold
 23132 | Orc:1    | Killed Harold
 23319 | Orc:1    | Received a gift from Okawaru
 23507 | Orc:2    | Entered Level 2 of the Orcish Mines
 23865 | Orc:2    | Found a staircase to the Elven Halls.
 24106 | Orc:2    | Reached skill level 17 in Dodging
 24287 | Orc:2    | Received a gift from Okawaru
 24288 | Orc:2    | Reached XP level 15. HP: 83/83 MP: 16/16
 24333 | Orc:2    | Found Juahusaq's Antique Weapon Shop.
 24333 | Orc:2    | Found Guraud's Jewellery Shoppe.
 24335 | Orc:2    | Found Totrothryr's Antique Weapon Shop.
 24335 | Orc:2    | Found Xemmawkei's Armour Shoppe.
 24351 | Orc:2    | Bought an amulet of reflection for 420 gold pieces
 24351 | Orc:2    | Bought a +6 ring of dexterity for 504 gold pieces
 24893 | D:12     | Noticed a fire giant
 25120 | D:12     | Bought a scroll of enchant armour for 112 gold pieces
 25120 | D:12     | Bought 3 scrolls of teleportation for 135 gold pieces
 25120 | D:12     | Bought a scroll of enchant armour for 112 gold pieces
 25120 | D:12     | Bought a scroll of enchant weapon for 112 gold pieces
 25824 | D:12     | Killed a fire giant
 25928 | D:13     | Noticed Nessos
 25928 | D:13     | Noticed Urug
 25928 | D:13     | Found a gate to the Vaults.
 25938 | D:12     | Reached skill level 10 in Evocations
 25985 | D:12     | Received a gift from Okawaru
 26669 | D:12     | Killed Urug
 26779 | D:13     | Received a gift from Okawaru
 26901 | Orc:2    | Bought a runed arbalest for 232 gold pieces
 27464 | D:13     | Killed Nessos
 28233 | D:14     | Found Pawir's General Store.
 28241 | D:14     | Bought a scroll of fog for 48 gold pieces
 28257 | D:15     | Entered Level 15 of the Dungeon
 28515 | D:15     | Found a frozen archway.
 28562 | IceCv    | Entered an ice cave
 28646 | IceCv    | Received a gift from Okawaru
 28736 | IceCv    | Reached XP level 16. HP: 64/88 MP: 15/17
 28976 | IceCv    | Reached skill level 18 in Dodging
 30690 | IceCv    | Received a gift from Okawaru
 30888 | IceCv    | Found a viscous altar of Jiyva.
 30907 | IceCv    | Got the ring of the Terrible God {Ice rN+++ Will- rCorr
                  | Str-4}
 30908 | IceCv    | Identified the amulet of Kecef {Acrobat -Cast rN+ Str+4
                  | Int-2}
 30923 | IceCv    | Got the +9 sling "Wuesis" {freeze, rN+}
 31985 | D:15     | Received a gift from Okawaru
 32011 | D:15     | Found a staircase to the Depths.
 32288 | Snake:1  | Entered Level 1 of the Snake Pit
 32663 | Snake:1  | Noticed Mlioglotl
 32664 | Snake:1  | Reached skill level 1 in Invocations
 33192 | Snake:1  | Received a gift from Okawaru
 33537 | Snake:1  | Noticed Aizul
 33566 | Snake:1  | Killed Aizul
 33707 | Snake:1  | Noticed a tentacled starspawn
 33738 | Snake:1  | Killed Mlioglotl
 33939 | Snake:1  | Found Afraaps Bato's Jewellery Boutique.
 33939 | Snake:1  | Found Niorch's Book Emporium.
 34011 | Snake:1  | Found Ohufihir's Book Emporium.
 34040 | Snake:1  | Received a gift from Okawaru
 34237 | Snake:2  | Acquired a +1 buckler of reflection
 34237 | Snake:2  | Received a gift from Okawaru
 34264 | Snake:2  | Identified the +5 spear of Demonkind {heavy, rC+ rN++}
 34624 | Snake:2  | Reached skill level 1 in Shields
 34701 | Snake:2  | Reached XP level 17. HP: 94/94 MP: 20/20
 34730 | Snake:2  | Noticed a tentacled monstrosity
 34781 | Snake:2  | Killed a tentacled monstrosity
 34781 | Snake:2  | Received a gift from Okawaru
 34782 | Snake:2  | Reached skill level 19 in Dodging
 35165 | Snake:2  | Noticed a tentacled monstrosity
 35197 | Snake:2  | Killed a tentacled monstrosity
 36117 | Snake:3  | Noticed Saint Roka
 36648 | Snake:3  | Found Fammapucist's Distillery.
 36669 | Snake:3  | Bought a potion of haste for 140 gold pieces
 36669 | Snake:3  | Bought a potion of haste for 140 gold pieces
 36669 | Snake:3  | Bought a potion of heal wounds for 70 gold pieces
 36669 | Snake:3  | Bought 2 potions of curing for 84 gold pieces
 36669 | Snake:3  | Bought a potion of heal wounds for 70 gold pieces
 36831 | Snake:3  | Received a gift from Okawaru
 37005 | Snake:3  | Killed Saint Roka
 37007 | Snake:3  | Reached skill level 5 in Invocations
 37375 | Snake:4  | Entered Level 4 of the Snake Pit
 37438 | Snake:4  | Noticed Mara
 37460 | Snake:4  | Noticed adelrune's illusion
 37476 | Snake:4  | Noticed adelrune's illusion
 38489 | Snake:4  | Reached skill level 5 in Shields
 38607 | Snake:4  | Received a gift from Okawaru
 38914 | Snake:4  | Noticed adelrune's illusion
 38969 | Snake:4  | Noticed Vashnia
 38979 | Snake:4  | Killed Vashnia
 39657 | Snake:4  | Received a gift from Okawaru
 39696 | Snake:4  | Reached skill level 20 in Dodging
 39810 | Snake:4  | Got a serpentine rune of Zot
 39860 | Snake:4  | Noticed adelrune's illusion
 39888 | Snake:4  | Noticed adelrune's illusion
 40145 | Swamp:1  | Entered Level 1 of the Swamp
 40341 | Lair:2   | Reached XP level 18. HP: 66/100 MP: 23/23
 41157 | Swamp:2  | Noticed Kirke
 41196 | Swamp:1  | Killed Kirke
 41217 | Swamp:2  | Noticed Donald
 42067 | Swamp:2  | Killed Donald
 42225 | Swamp:2  | Received a gift from Okawaru
 44064 | Swamp:3  | Found a shimmering altar of Xom.
 44230 | Swamp:3  | Noticed a tentacled monstrosity
 44274 | Swamp:2  | Killed a tentacled monstrosity
 44566 | Swamp:4  | Entered Level 4 of the Swamp
 44811 | Swamp:4  | Received a gift from Okawaru
 45196 | Swamp:4  | Noticed Roxanne
 45691 | Swamp:4  | Received a gift from Okawaru
 45925 | Swamp:4  | Got a decaying rune of Zot
 46030 | Swamp:4  | Reached skill level 21 in Dodging
 46272 | Swamp:4  | Killed Roxanne
 46507 | Elf:1    | Entered Level 1 of the Elven Halls
 46660 | Vaults:1 | Entered Level 1 of the Vaults
 46793 | Vaults:1 | Reached XP level 19. HP: 106/106 MP: 26/26
 46826 | Vaults:1 | Received a gift from Okawaru
 47244 | Vaults:1 | Identified the +7 quarterstaff "Biquov" {antimagic, rCorr
                  | Dex+3}
 47584 | Vaults:1 | Killed from afar by a crystal guardian

Illustrated notes

Levels and vault maps discovered:
D:1:      heliophobic_arrival_glass_houses, layout_basic,
          hellmonk_ecumenical_altar_pennies_from_heaven
D:2:      layout_loops_ring, basic_altar
D:3:      layout_basic, elyvilon_altar_5, lemuel_crystal_altar,
          mainiacjoe_overflow_catwalk, mainiacjoe_overflow_concentric_impassable
D:4:      layout_rooms, mainiacjoe_overflow_divided_tiny, serial_shops, shop,
          dk_rats_in_the_wall
D:5:      lemuel_insect_pit, layout_layer_cave,
          mainiacjoe_overflow_cross_hatched, minmay_misc_feat_diagonals,
          uniq_menkaure, uniq_ijyb
D:6:      layout_rooms, uniq_grinder, uniq_jeremiah, uniq_crazy_yiuf_cottage,
          uniq_pikel
D:7:      layout_basic, vehumet_crystals, minmay_temple_entry_stoned_glass
D:8:      layout_basic, nicolae_dithmenos_through_a_glass_darkly,
          david_lair_generic, uniq_maggie
D:9:      layout_basic, grunt_temple_overflow_forces_of_nature,
          nicolae_wu_jian_immortal_techniques, orc_0_dummy, enter_bailey_5,
          uniq_maurice
D:10:     layout_rooms, trog_butcher_becter, uniq_nergalle, uniq_amaemon
D:11:     layout_roguey, nicolae_trove_entry_crystal, uniq_josephine
D:12:     thingy_vault, layout_basic, serial_shops, shop_statue
D:13:     cheibrodos_fzero, layout_basic, david_vaults_3, serial_bayou,
          serial_bayou_crossing, serial_bayou_shore_a, serial_bayou_lagoon_a,
          serial_bayou_ford_a, serial_bayou_pond_a, serial_bayou_pond_d
D:14:     layout_irregular_city, serial_shops, nicolae_shop_statue_plus,
          kennysheep_doodads
D:15:     grunt_enter_depths_magical_seal, layout_basic,
          portal_ice_cave_entry_ice_simulacra
Temple:   hellmonk_temple_rainy
Lair:1:   layout_cave_pods
Lair:2:   layout_misc_corridors, skrybe_swamp_entry_bodies,
          nicolae_snake_entry_warm_welcome, basic_altar,
          chequers_serial_rivers_small_a, pdpol_lair_cabin_in_the_woods,
          uniq_erica
Lair:3:   layout_cave_pods, pdpol_lair_cavern_descent, grunt_megastairs_2
Lair:4:   layout_cave_pods
Lair:5:   due_jungle_book, layout_loops_ring, slime_entry_1,
          infiniplex_staircase_pool
Swamp:1:  layout_falls_marsh, serial_swamp_ruin, hangedman_swamp_ruin_wall,
          evilmike_swamp_ruin_house_3
Swamp:2:  layout_falls_marsh, hangedman_swamp_ruin_hall,
          infiniplex_staircase_pool_2, uniq_donald, uniq_kirke
Swamp:3:  layout_basic_swamp, lemuel_altar_in_water
Swamp:4:  swamp_vile, layout_basic_swamp, uniq_roxanne
Snake:1:  nicolae_snake_shooting_gallery, layout_onion, special_room, drop_trap,
          minmay_shop_grove, uniq_aizul, uniq_mlioglotl
Snake:2:  onia_ninara_swampy_vault, layout_grid_shapes
Snake:3:  layout_onion_interference, serial_shops, shop, grunt_megastairs_5,
          uniq_saint_roka
Snake:4:  johnstein_snake_rune_scales, layout_misc_corridors,
          hangedman_snake_corridor_split, lemuel_fruit_tree, uniq_vashnia,
          uniq_mara
Orc:1:    layout_caves, mines1_david, uniq_harold
Orc:2:    grunt_orc_tribal_feast, layout_caves
Elf:1:    eino_elf_arrival_customs, layout_onion_city, minmay_elf_demonology,
          corexii_checkpoint_a, dk_noncrumbling_3, corner_web_ring
Vaults:1: grunt_vaults_diagonal, hangedman_vaults_restitches,
          ontoclasm_vaults_ring_large, vaults_standard_mumra_x,
          nicolae_vaults_tetromino_L_2, nicolae_vaults_trapezoid_lopsided_1,
          nicolae_vaults_mini_display_case, nicolae_vaults_trapezoid_layered,
          v_misc_1, v_misc_11, nicolae_vaults_alarming, serial_ice_g,
          layout_vaults_omnicross, serial_shops, shop_statue

Skill      XL: |  1  2  3  4  5  6  7  8  9 10 11 12 13 14 15 16 17 18 19 |
---------------+----------------------------------------------------------+-----
Dodging        | 3 4 5 6 8 9 11 13 14 16 17 18 20 21 | 21.2
Fighting       | 2 3 4 5 6 7 8 9 10 11 12 13 14 | 14.2
Ranged Weapons | 5 6 7 9 11 12 14 16 17 18 19 20 | 20.7
Evocations     | 1 9 12 14 | 14.1
Invocations    | 3 6 8 |  8.9
Shields        | 1 6 8 9 |  9.1
Stealth        | |  1.5

Action                     |  1- 3 |  4- 6 |  7- 9 | 10-12 | 13-15 | 16-18 | 19-21 || total
---------------------------+-------+-------+-------+-------+-------+-------+-------++-------
   Fire: Shortbow          |   139 |   158 |   261 |   538 |       |       |       ||  1096
         Orcbow            |       |       |   109 |   465 |       |       |       ||   574
         Arbalest          |       |       |       |       |  1283 |   446 |       ||  1729
         Hand cannon       |       |       |       |       |       |  1232 |   102 ||  1334
 Invoke: Heroism           |       |       |       |     1 |     1 |     2 |       ||     4
         Receive Weapon    |       |       |       |       |     1 |       |       ||     1
         Receive Armour    |       |       |       |       |       |     1 |       ||     1
         Finesse           |       |       |       |       |       |     1 |       ||     1
  Evoke: Wand              |       |       |       |     2 |     1 |     2 |       ||     5
    Use: Scroll            |     1 |       |    11 |     2 |     8 |     8 |       ||    30
         Potion            |       |       |       |     1 |     3 |     6 |       ||    10
 Armour: Robe              |    15 |    12 |    16 |    12 |       |       |       ||    55
         Steam dragon scal |       |       |       |    66 |    98 |   210 |    17 ||   391
  Dodge: Dodged            |    37 |    16 |    54 |   257 |   470 |  1049 |    45 ||  1928
  Block: Other             |       |       |       |       |    19 |    40 |       ||    59
         Reflection        |       |       |       |       |     4 |    42 |     2 ||    48
         Buckler           |       |       |       |       |       |   409 |    24 ||   433
         Orb               |       |       |       |       |       |     7 |       ||     7

Table legend: (Time is in decaauts)
 A = Elapsed time spent in this place.
 B = Non-inter-level travel time spent in this place.
 C = Inter-level travel time spent in this place.
 D = Time resting spent in this place.
 E = Time spent auto-exploring this place.
 F = Levels seen in this place.
 G = Mean time per level.
                   A        B        C        D        E       F      G
               +--------+--------+--------+--------+--------+-----+--------+
         Total |  36669 |  34936 |   1733 |  11989 |  11987 |  35 | 1047.7 |
       Dungeon |  12796 |  11909 |    887 |   2281 |   5790 |  15 |  853.1 |
        Temple |     16 |     10 |      6 |      0 |      0 |   1 |   16.0 |
          Lair |   7084 |   6702 |    382 |   1484 |   2640 |   5 | 1416.8 |
         Swamp |   5452 |   5287 |    165 |   2834 |   1275 |   4 | 1363.0 |
     Snake Pit |   6514 |   6386 |    128 |   3472 |   1290 |   4 | 1628.5 |
  Orcish Mines |   1473 |   1312 |    161 |    194 |    515 |   2 |  736.5 |
   Elven Halls |      5 |      5 |      0 |      0 |      0 |   1 |    5.0 |
        Vaults |    809 |    809 |      0 |    451 |    161 |   1 |  809.0 |
        Bailey |    465 |    465 |      0 |     37 |    235 |   1 |  465.0 |
      Ice Cave |   2051 |   2051 |      0 |   1236 |     76 |   1 | 2051.0 |
               +--------+--------+--------+--------+--------+-----+--------+

Top non-repeatable levels by time:
   IceCv: 2051 daAuts
 Swamp:1: 1827 daAuts
 Snake:2: 1809 daAuts
  Lair:5: 1738 daAuts
  Lair:2: 1704 daAuts
 Snake:3: 1638 daAuts
 Swamp:2: 1632 daAuts
 Snake:4: 1564 daAuts
     D:5: 1552 daAuts
 Snake:1: 1502 daAuts
  Lair:1: 1318 daAuts
  Lair:3: 1309 daAuts
     D:8: 1275 daAuts
    D:11: 1207 daAuts
 Swamp:4: 1179 daAuts
